 Dungeon Crawl Stone Soup version 0.31-a0-261-g072fdb8a1f (webtiles) character file.

Game seed: 1849196049650602973

57 qw the Shooter (level 4, -1/26 HPs)
             Began as a Gargoyle Hexslinger on July 13, 2023.
             Slain by Robin
             ... wielding a +0 trident
              (5 damage)
             ... on level 2 of the Dungeon.
             The game lasted 00:00:32 (1142 turns).

qw the Shooter (Gargoyle Hexslinger)                Turns: 1142, Time: 00:00:32

Health: -1/26      AC:  5    Str: 12    XL:     4   Next: 0%
Magic:  5/5        EV: 12    Int: 13    God:
Gold:   41         SH:  0    Dex: 14    Spells: 4/5 levels left

rFire   . . .        Y - +1 sling
rCold   . . .        (no shield)
rNeg    + . .        c - +0 robe
rPois   inf          (no helmet)
rElec   +            (no cloak)
rCorr   .            (no gloves)
SInv    .            (no boots)
Will    .....        (no amulet)
Stlth   +            (no ring)
HPRegen 0.24/turn    (no ring)
MPRegen 0.09/turn

%: no passive effects
@: no status effects
A: sickness immunity, AC +3, negative energy resistance 1, electricity
resistance, torment resistance 1, petrification resistance
a: no special abilities


You were on level 2 of the Dungeon.
You visited 1 branch of the dungeon, and saw 2 of its levels.

You collected 41 gold pieces.


Innate Abilities, Weirdness & Mutations

You are immune to sickness and miasma.
Your stone body is resilient. (AC +3)
You are immune to poison.
You resist negative energy. (rN+)
You are resistant to electric shocks. (rElec)
You are resistant to unholy torment.
You are immune to petrification.


   Skills:
 - Level 2.0 Fighting
 + Level 3.8 Ranged Weapons
 - Level 1.5 Dodging
 - Level 1.0 Spellcasting
 - Level 2.6 Hexes


You had 4 spell levels left.
You knew the following spells:

 Your Spells              Type           Power      Damage    Failure   Level
a - Slow                  Hex            28%        N/A       10%         1

Your spell library contained the following spells:

 Spells                   Type           Power      Damage    Failure   Level
 Inner Flame              Hex/Fire       4%         N/A       43%         3
 Portal Projectile        Hex/Tloc       8%         N/A       43%         3
 Cause Fear               Hex            3%         N/A       67%         4

Inventory:

Hand Weapons
 Y - a +1 sling (weapon)
Armour
 a - a +0 cloak
 c - a +0 robe (worn)
Potions
 d - a potion of magic {unknown}
 g - a potion of attraction {unknown}
 i - a potion of heal wounds {unknown}
 j - a potion of curing {unknown}

Dungeon Overview and Level Annotations

Branches:
Dungeon (2/15)

Altars:

Annotations:
D:2 Robin


Message History

You kill the goblin!
You hear a shout! x6
Robin, a hobgoblin and 4 goblins come into view.
A goblin is wielding a +0 dagger of venom.
Robin shouts!
The goblin shouts! x2; You hear a shout! x2
A goblin comes into view. It is wielding a +0 dagger.
Enter note:
Enter note: You shoot a sling bullet.
The sling bullet hits the goblin!
You kill the goblin!
Robin roars a battlecry!
The goblins go into a battle-frenzy!
A goblin comes into view. It is wielding a +0 dagger of venom.
You shoot a sling bullet. The sling bullet hits the goblin!
You kill the goblin!
A goblin comes into view. It is wielding a +0 club.
You shoot a sling bullet. The sling bullet barely misses Robin.
The sling bullet barely misses the hobgoblin.
A goblin comes into view. It is wielding a +0 club.
A goblin comes into view. It is wielding a +0 dagger.
Robin throws the goblin at you! The goblin hits you with a +0 club.
Robin throws the goblin at you! The goblin hits you but does no damage.
You shoot a sling bullet. The goblin shouts!
The sling bullet hits the goblin.
The goblin is severely wounded.
The goblin barely misses you. The goblin hits you with a +0 club.
You shoot a sling bullet. The sling bullet hits the goblin.
You kill the goblin!
The goblin hits you with a +0 club.
You shoot a sling bullet. The sling bullet hits the goblin!
You kill the goblin!
Robin hits you from afar with a +0 trident.
The goblin hits you with a +0 club.
You have reached level 4!
You feel stronger.
You shoot a sling bullet.
The sling bullet closely misses the goblin.
The goblin hits you with a +0 club. The goblin barely misses you.
Robin hits you from afar with a +0 trident.
You die...

####...#### ....
#...##.. )...
#...#..# %..
#...#.## ###.g
#####.# #...g
#....# ##..gg
######.####
#...gg### #....#.#
#..$.g@.# #....%.#
#.#####)####.....##
#.##.#....##
#..#.#....#
##.%......#
##.>#....#
##.#....# #)######
#.#


You could see Robin, a hobgoblin (strong) and 5 goblins.

Vanquished Creatures
  3 dart slugs (D:2)
  3 endoplasms (D:1)
  3 giant cockroaches (D:1)
  10 goblins
  3 hobgoblins
  5 kobolds
  A quokka (D:1)
  2 ball pythons (D:1)
  8 bats
  2 frilled lizards (D:1)
  8 rats
48 creatures vanquished.

Notes
Turn   | Place    | Note
-------+----------+-------------------------------------------
     0 | D:1      | qw the Gargoyle Hexslinger began the quest for the Orb.
     0 | D:1      | Reached XP level 1. HP: 12/12 MP: 2/2
     0 | D:1      | 0 ||| qw: Version: 0.3-a-52-g30416fa
     0 | D:1      | 0 ||| qw: Game counter: 6984
     0 | D:1      | 0 ||| qw: Melee chars always use a shield: true
     0 | D:1      | 0 ||| qw: God list: Okawaru
     0 | D:1      | 0 ||| qw: Allow faded altars: false
     0 | D:1      | 0 ||| qw: Do Orc after clearing Dungeon:15 true
     0 | D:1      | 0 ||| qw: Do second Lair branch before Depths: true
     0 | D:1      | 0 ||| qw: Lair rune preference: random
     0 | D:1      | 0 ||| qw: Goals: Normal
     0 | D:1      | 0 ||| PLANNING D:1-11
   161 | D:1      | Reached XP level 2. HP: 16/16 MP: 3/3
   333 | D:1      | Reached skill level 3 in Ranged Weapons
   659 | D:1      | Reached XP level 3. HP: 21/21 MP: 4/4
   718 | D:1      | Found a faded altar of an unknown god.
   971 | D:1      | 971 ||| READING scroll labelled NULULLODIRUT.
   974 | D:1      | 974 ||| READING scroll labelled SIULLA ODGHIQ.
   975 | D:1      | 975 ||| READING scroll labelled LUOHEO NUYTANI.
   976 | D:1      | 976 ||| READING scroll labelled VEIHASS GAOBRUR.
   977 | D:1      | 977 ||| DROPPING scroll of poison.
  1135 | D:2      | Noticed Robin
  1142 | D:2      | Reached XP level 4. HP: 9/26 MP: 5/5
  1142 | D:2      | HP: 4/26 [goblin/+0 club[Robin] (5)]
  1142 | D:2      | Slain by Robin

Levels and vault maps discovered:
D:1:      dpeg_arrival_prison, layout_basic,
          hellmonk_ecumenical_altar_leap_of_faith
D:2:      layout_basic, uniq_robin, uniq_terence

Skill      XL: |  1  2 |
---------------+-------+-----
Ranged Weapons | 3 |  3.8
Fighting       | 2 |  2.0
Dodging        | |  1.5
Spellcasting   | |  1.0
Hexes          | |  2.6

Action                     |  1- 3 |  4- 6 || total
---------------------------+-------+-------++-------
   Fire: Sling             |   136 |     1 ||   137
    Use: Scroll            |     4 |       ||     4
 Armour: Robe              |    24 |       ||    24
  Dodge: Dodged            |    38 |     1 ||    39

Table legend:
 A = Non-vault XP
 B = Vault XP
 C = Vault XP percentage of total XP
 D = Non-vault monster count
 E = Vault monster count
 F = Vault count percentage of total count
                 A         B        C        D         E       F
            +---------+---------+-------+---------+---------+-------
      Total |      62 |      20 |  24.4 |      36 |      12 |  25.0
            +---------+---------+-------+---------+---------+-------
        D:1 |      43 |       6 |  12.2 |      28 |       5 |  15.2
        D:2 |      19 |      14 |  42.4 |       8 |       7 |  46.7
            +---------+---------+-------+---------+---------+-------
